 Dungeon Crawl Stone Soup version 0.29.1-12-g30fa7ad0bf (webtiles) character file.

Game seed: 3437917542132800873

4314 nightchill the Cleaver (level 10, -12/92 HPs)
             Began as a Hill Orc Fighter on Jan 10, 2023.
             Was a Believer of Nemelex Xobeh.
             Mangled by a two-headed ogre
             ... wielding a +0 giant club
              (25 damage)
             ... on level 8 of the Dungeon.
             The game lasted 00:19:32 (8610 turns).

nightchill the Cleaver (Hill Orc Fighter)           Turns: 8610, Time: 00:19:33

Health: -12/92     AC:  9    Str: 30    XL:     10   Next: 33%
Magic:  16/16      EV:  8    Int:  8    God:    Nemelex Xobeh [**....]
Gold:   393        SH:  4    Dex: 10    Spells: 9/9 levels left

rFire   . . .      SeeInvis .   a - +0 broad axe
rCold   . . .      Faith    .   c - +0 buckler
rNeg    . . .      Spirit   .   o - +0 chain mail
rPois   .          Reflect  .   (no helmet)
rElec   .          Harm     .   (no cloak)
rCorr   .          Rampage  .   (no gloves)
Will    .....                   (no boots)
Stlth   ..........              (no amulet)
HPRegen 0.25/turn               i - ring of flight
MPRegen 0.15/turn               r - +6 ring of strength

@: flying
A: no striking features
a: Renounce Religion, Draw Escape, Draw Destruction, Draw Summoning


You were on level 8 of the Dungeon.
You worshipped Nemelex Xobeh.
Nemelex Xobeh was pleased with you.
You visited 2 branches of the dungeon, and saw 9 of its levels.

You collected 393 gold pieces.

Inventory:

Hand Weapons
 a - a +0 broad axe (weapon)
 f - a +0 war axe
 s - a +0 war axe
Missiles
 p - 8 poisoned darts (quivered)
 w - 6 javelins
Armour
 c - a +0 buckler (worn)
 o - a +0 chain mail (worn)
 A - a +0 kite shield
Jewellery
 i - a ring of flight (left hand)
 l - a ring of ice
 r - a +6 ring of strength (right hand)
Wands
 x - a wand of light (4)
 y - a wand of flame (22)
 C - a wand of mindburst (24)
Scrolls
 d - a scroll of vulnerability {unknown}
 g - 4 scrolls of fog
 h - 3 scrolls of teleportation
 m - a scroll of enchant weapon {unknown}
 q - a scroll of brand weapon {unknown}
 v - a scroll of fear
 B - a scroll of torment {unknown}
 D - a scroll of immolation {unknown}
 E - a scroll of amnesia {unknown}
Potions
 b - a potion of cancellation {unknown}
 e - 2 potions of heal wounds
 j - 2 potions of attraction
 k - 4 potions of curing
 n - 4 potions of ambrosia
 t - a potion of mutation {unknown}
 u - a potion of lignification
 z - a potion of magic


   Skills:
 + Level 9.7 Fighting
 * Level 13.9 Axes
 - Level 3.2 Armour
 - Level 3.2 Shields
 + Level 9.0 Invocations


You had 9 spell levels left.
You didn't know any spells.
Your spell library contained the following spells:

 Spells                   Type           Power      Damage    Failure   Level
 Magic Dart               Conj           0%         1d3       96%         1
 Call Imp                 Summ           0%         N/A       99%         2
 Mephitic Cloud           Conj/Pois/Air  0%         N/A       100%        3
 Animate Armour           Summ/Erth      0%         N/A       100%        4
 Fulminant Prism          Conj/Hex       0%         3d6       100%        4
 Iskenderun's Mystic Bla  Conj/Tloc      0%         2d3       100%        4
 Blade Hands              Tmut           0%         N/A       100%        5
 Lee's Rapid Deconstruct  Erth           0%         3d5*      100%        5
 Iron Shot                Conj/Erth      0%         9d1       100%        6


Dungeon Overview and Level Annotations

Branches:
Dungeon (8/15)             Temple (1/1) D:5
   Lair: D:8-11

Altars:
Ashenzari
Cheibriados
Elyvilon
Fedhas
Gozag
Kikubaaqudgha
Makhleb
Nemelex Xobeh
Okawaru
Qazlal
Sif Muna
Trog
Uskayaw
Vehumet
Wu Jian
Xom
Yredelemnul
Zin
The Shining One

Shops:
D:3 *

Annotations:
D:4 1 runed translucent door, Crazy Yiuf


Message History

The poisoned dart hits the two-headed ogre.
The two-headed ogre is poisoned.
You barely miss the two-headed ogre.
The two-headed ogre hits you with a +0 giant club!!
The two-headed ogre hits you with a +0 giant club!
You slash the two-headed ogre!
The two-headed ogre is lightly wounded.
You barely miss the two-headed ogre.
The two-headed ogre is lightly wounded.
The two-headed ogre hits you with a +0 giant club!!
* * * LOW HITPOINT WARNING * * *
The two-headed ogre hits you with a +0 giant club!!
* * * LOW HITPOINT WARNING * * *
A wolf comes into view.
You draw... (choose one card, ? for their descriptions)
a - the Cloud
b - the Cloud
c - the Elixir You have drawn the Elixir.
You begin rapidly regenerating health and magic.
You can no longer choose one out of three cards.
The wolf howls!
You hear an angry growl.
The two-headed ogre hits you with a +0 giant club!!
* * * LOW HITPOINT WARNING * * *
The two-headed ogre hits you but does no damage.
You hear a howl!
You hear a howl!
A wolf comes into view.
The two-headed ogre looks more healthy.
You draw a card...
You have drawn Wild Magic.
The wolf shivers.
Waves of light ripple over the wolf's body.
The wolf twists and deforms.
You feel a surge of magic. The wolf bites you but does no damage.
A wolf comes into view.
The wolf bites you but does no damage. The wolf attacks as you move away!
You block the wolf's attack.
The two-headed ogre attacks as you move away!
The two-headed ogre hits you with a +0 giant club!!
You die...
Your body glows slightly and disappears.

#.......### ..... #.........##
..... ....#(.....#####..... .
#.(....##........ #
#......##........
..#.#......##........
.h...h....#..........
.##.#...O.#..........
........#..h@............
........................#...#
........................# ###..
....#...........#.......#####.#..
....# ..........#................
....+ #.......#................
....#####.......#................
................)................
.................................


You could see a two-headed ogre and 3 wolves.

Vanquished Creatures
  Joseph (D:8)
  Psyche (D:8)
  Eustachio (D:3)
  Edmund (D:4)
  A water moccasin (D:8)
  An orc warrior (D:8)
  2 sky beasts (D:7)
  An ice beast (D:5)
  2 ogres
  4 black bears
  2 phantoms (D:4)
  A kobold brigand (D:8)
  A bullfrog (D:7)
  A gnoll sergeant (D:8)
  4 scorpions
  5 wights (D:6)
  An orc priest (D:6)
  3 jellies
  2 hounds
  3 iguanas
  Terence (D:2)
  An orc wizard (D:8)
  A hound zombie (D:4)
  A howler monkey zombie (D:4)
  10 adders
  9 gnolls
  A white imp (D:7)
  An ufetubus (D:4)
  3 adder zombies (D:4)
  2 worms
  2 dart slugs
  10 orcs
  5 bats
  7 endoplasms
  4 giant cockroaches
  9 goblins
  8 hobgoblins
  3 jackals (D:5)
  9 kobolds
  5 quokkas
  10 ball pythons
  7 frilled lizards
  A quokka zombie (D:4)
  6 rats
154 creatures vanquished.

Vanquished Creatures (collateral kills)
  Maggie (D:8)
  A centaur (D:5)
  An ogre (D:5)
  A bullfrog (D:5)
  A gnoll sergeant (D:6)
  6 wights
  A hound (D:6)
  2 orc priests (D:5)
  An iguana (D:6)
  4 gnolls (D:6)
  An adder (D:6)
  3 orcs (D:5)
  2 goblins (D:6)
  4 kobolds (D:8)
29 creatures vanquished.

Vanquished Creatures (others)
  6 fungi (D:7)
  2 plants (D:7)
  5 withered plants (D:4)
13 creatures vanquished.

Grand Total: 196 creatures vanquished

Notes
Turn   | Place    | Note
-------+----------+-------------------------------------------
     0 | D:1      | nightchill the Hill Orc Fighter began the quest for the
                  | Orb.
     0 | D:1      | Reached XP level 1. HP: 19/19 MP: 1/1
    90 | D:1      | Reached skill level 3 in Axes
   199 | D:1      | Reached XP level 2. HP: 26/27 MP: 2/2
   265 | D:1      | Found a faded altar of an unknown god.
   837 | D:1      | Reached skill level 4 in Axes
   840 | D:1      | Reached XP level 3. HP: 33/33 MP: 3/3
  1860 | D:2      | Reached XP level 4. HP: 34/41 MP: 4/4
  1915 | D:2      | Noticed Terence
  1925 | D:2      | Killed Terence
  1926 | D:2      | Reached skill level 5 in Axes
  2259 | D:3      | Reached XP level 5. HP: 31/47 MP: 5/5
  2620 | D:3      | Found Kefur's General Store.
  2711 | D:3      | Found a broken altar of Ashenzari.
  2712 | D:3      | Found a sparkling altar of Nemelex Xobeh.
  2726 | D:3      | Became a worshipper of Nemelex Xobeh the Trickster
  3014 | D:4      | Reached skill level 5 in Fighting
  3014 | D:4      | Reached skill level 6 in Axes
  3020 | D:4      | Noticed Eustachio
  3228 | D:3      | Killed Eustachio
  3229 | D:3      | Reached XP level 6. HP: 47/56 MP: 5/7
  3427 | D:4      | Reached skill level 7 in Axes
  3481 | D:4      | Reached XP level 7. HP: 56/62 MP: 7/9
  3594 | D:4      | Reached skill level 8 in Axes
  3763 | D:4      | Noticed Edmund
  3775 | D:4      | Killed Edmund
  3875 | D:4      | Reached * piety under Nemelex Xobeh
  3927 | D:4      | Found an ornate altar of the Wu Jian Council.
  3990 | D:4      | Found a runed translucent door.
  3991 | D:4      | Noticed Crazy Yiuf
  4034 | D:5      | Entered Level 5 of the Dungeon
  4120 | D:5      | Reached skill level 9 in Axes
  4120 | D:5      | Reached XP level 8. HP: 66/71 MP: 11/11
  4315 | D:5      | Reached skill level 5 in Invocations
  4530 | D:5      | Received a gift from Nemelex Xobeh
  4669 | D:5      | Found a staircase to the Ecumenical Temple.
  4692 | Temple   | Entered the Ecumenical Temple
  5415 | D:5      | Noticed a +0 spear
  5415 | D:5      | Noticed a +0 short sword
  5415 | D:5      | Noticed a +0 dagger
  5416 | D:5      | Noticed a +0 falchion
  5416 | D:5      | Noticed a +0 short sword
  5416 | D:5      | Noticed a +0 spear
  5417 | D:5      | Noticed a +0 dagger
  5417 | D:5      | Noticed a +0 falchion
  5425 | D:5      | Found a hide-covered altar of Uskayaw.
  5456 | D:5      | Reached skill level 10 in Axes
  5690 | D:5      | Reached ** piety under Nemelex Xobeh
  5690 | D:5      | Received a gift from Nemelex Xobeh
  6173 | D:6      | Reached XP level 9. HP: 80/80 MP: 13/13
  6178 | D:6      | Reached skill level 11 in Axes
  6181 | D:6      | Found an iron altar of Okawaru.
  6623 | D:6      | Reached skill level 12 in Axes
  7329 | D:6      | Received a gift from Nemelex Xobeh
  7546 | D:7      | Found a blossoming altar of Fedhas.
  7602 | D:7      | Found a glowing silver altar of Zin.
  7815 | D:7      | Received a gift from Nemelex Xobeh
  8160 | D:8      | Noticed Joseph
  8165 | D:8      | Killed Joseph
  8166 | D:8      | Reached skill level 13 in Axes
  8166 | D:8      | Reached XP level 10. HP: 82/91 MP: 16/16
  8299 | D:8      | Noticed Psyche
  8312 | D:8      | Killed Psyche
  8336 | D:8      | Noticed Maggie
  8356 | D:8      | Killed Maggie
  8363 | D:8      | Noticed a two-headed ogre
  8580 | D:8      | Reached *** piety under Nemelex Xobeh
  8589 | D:8      | Received a gift from Nemelex Xobeh
  8605 | D:8      | HP: 3/92 [two-headed ogre/+0 giant club (32)]
  8610 | D:8      | Mangled by a two-headed ogre

Illustrated notes

Levels and vault maps discovered:
D:1:      minmay_arrival_nine_rooms, layout_loops_ring, basic_ecumenical_altar
D:2:      minmay_recursive_quarters, layout_basic, uniq_terence
D:3:      layout_loops_ring, nicolae_overflow_two_pavilions, serial_shops,
          nicolae_shop_stone
D:4:      layout_gridville, mainiacjoe_overflow_tiny_flanked, serial_undead,
          serial_undead_d, serial_undead_e, serial_undead_b, serial_undead_e,
          serial_undead_f, uniq_eustachio, uniq_crazy_yiuf_cottage, uniq_edmund
D:5:      minmay_thick_lines, layout_loops_cross, nicolae_uskayaw_en_pointe,
          minmay_temple_entry_large_hall
D:6:      layout_basic, kennysheep_okawaru_gauntlet, portal_sewer_entry_c
D:7:      layout_basic, mainiacjoe_overflow_alcove_1, fedhas_altar_3
D:8:      layout_basic, uniq_joseph, uniq_psyche, uniq_grum, uniq_maggie,
          uniq_maurice
Temple:   chequers_temple_sunken

Skill      XL: |  1  2  3  4  5  6  7  8  9 10 |
---------------+-------------------------------+-----
Axes           | 3 4 5 6 7 9 10 13 | 13.9
Fighting       | 4 5 6 7 9 |  9.7
Invocations    | 2 3 4 6 8 9 |  9.0
Armour         | |  3.2
Shields        | |  3.2

Action                   |  1- 3 |  4- 6 |  7- 9 | 10-12 || total
-------------------------+-------+-------+-------+-------++-------
Melee: War axe           |   102 |    94 |       |       ||   196
       Broad axe         |       |    13 |   212 |    25 ||   250
Throw: Dart              |       |     1 |       |     2 ||     3
Invok: Draw Summoning    |       |       |     4 |     3 ||     7
       Draw Destruction  |       |       |     9 |     1 ||    10
       Triple Draw       |       |       |       |     1 ||     1
  Use: Potion            |       |     1 |     1 |       ||     2
       Scroll            |       |     6 |     3 |       ||     9
Armor: Scale mail        |    48 |     1 |       |       ||    49
       Chain mail        |       |    46 |    96 |    13 ||   155
Dodge: Dodged            |    64 |    37 |    64 |    21 ||   186
Block: Buckler           |    23 |    28 |    42 |    12 ||   105
